 Dungeon Crawl Stone Soup version 0.17.0-28-g6e173f8 (webtiles) character file.

7583 Raultor the Markscentaur (level 10, 0/86 HPs)
             Began as a Centaur Hunter on Nov 25, 2015.
             Was an Elder of Okawaru.
             Slain by an unseen horror (8 damage)
             ... on level 9 of the Dungeon.
             The game lasted 00:45:28 (12549 turns).

Raultor the Markscentaur (Centaur Hunter)          Turns: 12549, Time: 00:45:28

Health: 0/86       AC:  9    Str: 16    XL:     10   Next: 97%
Magic:  13/13      EV: 10    Int: 10    God:    Okawaru [****..]
Gold:   415        SH:  0    Dex: 12    Spells: 0 memorised, 9 levels left

rFire  . . .     SeeInvis .     a - +1 shortbow
rCold  . . .     Clarity  .     c - +0 leather armour
rNeg   . . .     SustAt   .     (shield currently unavailable)
rPois  .         Gourm    .     V - +0 hat
rElec  .         Spirit   .     E - +0 cloak
rCorr  .         Warding  .     (no gloves)
rMut   .         Stasis   .     (no barding)
MR     +....                    (no amulet)
Stlth  +.........               o - +4 ring of protection
                                X - ring of protection from magic

@: very slightly contaminated, invisible, very quick, somewhat resistant to
hostile enchantments, very unstealthy
A: hooves 3, deformed body, speed 2, tough skin 3
a: Heroism, Renounce Religion


You were on level 9 of the Dungeon.
You worshipped Okawaru.
Okawaru was greatly pleased with you.
You were not hungry.

You visited 2 branches of the dungeon, and saw 11 of its levels.
You also visited: Ossuary.

You collected 415 gold pieces.

Inventory:

Hand Weapons
 a - a +1 shortbow (weapon)
 b - the +5 rapier of Oghuhiud {pierce, rPois rF++ Str+3 Int-5}
   (You found it on level 9 of the Dungeon)

   It inflicts extra damage upon your enemies.
   It affects your strength (+3).
   It affects your intelligence (-5).
   It greatly protects you from fire.
   It protects you from poison.
Missiles
 d - 50 arrows (quivered)
 T - 27 arrows of frost
Armour
 c - a +0 leather armour (worn)
 E - a +0 cloak (worn)
 V - a +0 hat (worn)
Magical Staves
 r - an uncursed staff of conjuration
Jewellery
 o - a +4 ring of protection (right hand)
 A - an uncursed ring of flight
 N - an uncursed ring of positive energy
 X - a ring of protection from magic (left hand)
Wands
 l - a wand of paralysis (17)
 x - a wand of fire (5)
 H - a wand of paralysis (3)
 I - a wand of cold (5)
 Q - a wand of digging (10)
 R - a wand of fire (9)
 Z - a wand of frost (11)
Scrolls
 f - 4 scrolls of amnesia {unknown}
 h - 9 scrolls of remove curse
 i - 10 scrolls of identify {unknown}
 k - 5 scrolls of enchant weapon {unknown}
 m - a scroll of random uselessness {unknown}
 s - 2 scrolls of enchant armour {unknown}
 w - 3 scrolls of recharging {unknown}
 y - 3 scrolls of blinking {unknown}
 B - a scroll of holy word {unknown}
 J - 2 scrolls of torment {unknown}
 K - 2 scrolls of fog {unknown}
 L - a scroll of vulnerability {unknown}
 O - 2 scrolls of teleportation {unknown}
 U - 3 scrolls of immolation {unknown}
 W - a scroll of fear {unknown}
Potions
 g - a potion of poison {unknown}
 j - 3 potions of brilliance {unknown}
 n - 2 potions of cancellation {unknown}
 p - 3 potions of curing
 q - 3 potions of invisibility
 t - 2 potions of berserk rage {unknown}
 u - 3 potions of might {unknown}
 v - a potion of resistance
 z - a potion of haste {unknown}
 D - 2 potions of degeneration {unknown}
 F - 2 potions of agility
 G - a potion of mutation {unknown}
 M - 4 potions of heal wounds {unknown}
Miscellaneous
 Y - a stone of tremors
Comestibles
 e - 8 bread rations
 C - 5 meat rations
 P - a beef jerky


   Skills:
 * Level 7.4 Fighting
 - Level 17.2 Bows
 + Level 2.4 Armour
 + Level 2.8 Dodging
 - Level 0.5 Stealth
 * Level 5.1 Invocations


You had 9 spell levels left.
You didn't know any spells.

Dungeon Overview and Level Annotations

Branches:
Dungeon (10/15)            Temple (1/1) D:6             Orc (0/4) D:9
   Lair: D:8-11

Altars:
Ashenzari
Cheibriados
Elyvilon
Fedhas
Gozag
Kikubaaqudgha
Makhleb
Nemelex Xobeh
Okawaru
Qazlal
Ru
Sif Muna
Trog
Vehumet
Xom
Yredelemnul
The Shining One

Shops:
D:4 *

Annotations:
D:2 Sigmund
D:8 skk's ghost, journeyman GrFi


Innate Abilities, Weirdness & Mutations

You have hooves in place of feet.
Armour fits poorly on your strangely shaped body.
You cover ground very quickly.
You have extremely tough skin (AC +3).


Message History

It was a potion of curing.
You feel better. Something hits you but does no damage.
Something hits you but does no damage. Something hits you.
* * * LOW HITPOINT WARNING * * *
Something hits you but does no damage. Something hits you!
* * * LOW HITPOINT WARNING * * *
Something hits you.
* * * LOW HITPOINT WARNING * * *
Drink which item? (? for menu, Esc to quit)
It was a potion of invisibility.
You fade into invisibility!
Something hits you but does no damage. x2
You are very lightly contaminated with residual magic.
Something hits you but does no damage. Something hits you but does no damage.
Something hits you but does no damage. Something hits you!
You die...

#................................
#..........######..####..#####..#
#..........# #..# #..# #.}#
...........# #..# #..# #..#
...........# #..####..#####..#
...........# #................
...........######................
...................#########..###
....)...........@..# #..#
......>....######..# #..#
...........# #..#########..#
...........# #.............#
....[####..######....^........#
.....# #..........########...#
.....# #..........# #.#####
.....# #..........# #.# #..
.....# #..........###### #.# #..


There were no monsters in sight!

Vanquished Creatures
  Gastronok (D:9)
  A hill giant (D:7)
  A two-headed ogre (D:10)
  A troll (D:9)
  A deep elf mage (D:9)
  A hungry ghost (D:10)
  Menkaure (D:7)
  A hippogriff (D:7)
  A mottled dragon (D:10)
  Duvessa (D:5)
  A wasp (D:9)
  2 sky beasts
  3 orc warriors
  A black bear (D:9)
  A phantom (D:9)
  3 ogres
  2 ice beasts
  4 centaurs
  3 big kobolds
  A crocodile (D:7)
  3 giant frogs
  Dowan (D:5)
  A water moccasin skeleton (D:4)
  9 scorpions (Ossuary)
  7 crimson imps
  7 centaur zombies
  A jelly (D:10)
  2 human zombies (Ossuary)
  4 hounds
  9 orc priests
  2 centaur skeletons (D:9)
  2 iguanas
  2 worker ants (D:9)
  10 orc wizards
  2 quasits
  A big kobold zombie (Ossuary)
  A hound zombie (D:5)
  3 mummies (Ossuary)
  A hound skeleton (D:8)
  4 worker ant zombies
  10 adders
  3 gnolls (D:4)
  3 scorpion zombies (Ossuary)
  A shadow imp (D:5)
  2 oozes
  3 adder skeletons
  A worm (D:3)
  6 giant geckos
  36 orcs
  2 ball pythons
  5 giant cockroaches
  4 gnoll zombies
  4 hobgoblins
  3 jackals (D:6)
  22 kobolds
  10 bats
  A giant gecko skeleton (D:4)
  8 giant newts
  3 goblins
  A goblin zombie (Ossuary)
  2 hobgoblin zombies (Ossuary)
  A jackal skeleton (D:5)
  A kobold zombie (Ossuary)
  4 orc zombies (Ossuary)
  5 quokkas
  4 rats
248 creatures vanquished.

Vanquished Creatures (others)
  A scorpion (Ossuary)
1 creature vanquished.

Grand Total: 249 creatures vanquished

Notes
Turn   | Place    | Note
--------------------------------------------------------------
     0 | D:1      | Raultor the Centaur Hunter began the quest for the Orb.
     0 | D:1      | Reached XP level 1. HP: 17/17 MP: 1/1
   156 | D:1      | Reached XP level 2. HP: 24/24 MP: 2/2
   245 | D:1      | Reached skill level 6 in Bows
   313 | D:1      | You fall through a shaft!
   750 | D:2      | Reached XP level 3. HP: 2/29 MP: 3/3
   752 | D:2      | HP: 2/43 [poisoned by an adder]
  1178 | D:2      | Found a radiant altar of Vehumet.
  1473 | D:2      | Found a white marble altar of Elyvilon.
  1613 | D:2      | Noticed Sigmund
  1678 | D:3      | Reached skill level 7 in Bows
  1743 | D:3      | Reached XP level 4. HP: 26/36 MP: 4/4
  1788 | D:3      | Noticed a sky beast
  1836 | D:3      | Killed a sky beast
  1836 | D:3      | Reached skill level 8 in Bows
  1836 | D:3      | Reached XP level 5. HP: 17/41 MP: 5/5
  2540 | D:4      | Reached skill level 9 in Bows
  2556 | D:4      | Reached XP level 6. HP: 5/48 MP: 6/6
  3312 | D:4      | Reached skill level 10 in Bows
  3376 | D:4      | Found an opulent altar of Gozag.
  3380 | D:4      | Found Gozag's Platinum Reserve.
  3680 | D:5      | Entered Level 5 of the Dungeon
  4222 | D:5      | Reached XP level 7. HP: 55/55 MP: 7/7
  4404 | D:5      | Noticed Duvessa
  4408 | D:5      | Noticed Dowan
  4449 | D:5      | Killed Duvessa
  4449 | D:5      | Reached skill level 11 in Bows
  4468 | D:5      | Killed Dowan
  4599 | D:5      | Found a sparkling altar of Nemelex Xobeh.
  4645 | D:5      | Reached skill level 1 in Armour
  5024 | D:6      | Reached skill level 12 in Bows
  5033 | D:6      | Reached XP level 8. HP: 62/62 MP: 8/8
  5067 | D:6      | Found a staircase to the Ecumenical Temple.
  5076 | Temple   | Entered the Ecumenical Temple
  5157 | Temple   | Became a worshipper of Warmaster Okawaru
  5529 | D:6      | Found a burning altar of Makhleb.
  6144 | D:7      | Reached skill level 13 in Bows
  6149 | D:7      | Noticed a hill giant
  6332 | D:7      | Killed a hill giant
  6332 | D:7      | Reached * piety under Okawaru
  6332 | D:7      | Reached skill level 14 in Bows
  6332 | D:7      | Reached XP level 9. HP: 70/72 MP: 9/9
  6726 | D:7      | Found a sand-covered staircase.
  6749 | Ossuary  | Entered an ossuary
  6772 | Ossuary  | Reached ** piety under Okawaru
  6978 | Ossuary  | Reached skill level 5 in Fighting
  7046 | Ossuary  | Reached skill level 15 in Bows
  7695 | D:7      | Noticed Menkaure
  7700 | D:7      | Killed Menkaure
  7788 | D:7      | Reached skill level 1 in Invocations
  7990 | D:8      | Noticed skk's ghost (journeyman GrFi)
  8138 | D:8      | Reached *** piety under Okawaru
  8435 | D:8      | Reached skill level 16 in Bows
  9063 | D:9      | Received a gift from Okawaru
  9063 | D:9      | Reached XP level 10. HP: 78/83 MP: 11/11
  9382 | D:9      | Noticed Gastronok
  9439 | D:9      | Killed Gastronok
  9439 | D:9      | Reached skill level 17 in Bows
  9497 | D:9      | Found a shimmering altar of Xom.
  9497 | D:9      | Found a shimmering altar of Xom.
  9498 | D:9      | Found a shimmering altar of Xom.
  9499 | D:9      | Found a shimmering altar of Xom.
  9500 | D:9      | Found a shimmering altar of Xom.
  9736 | D:9      | Reached **** piety under Okawaru
  9771 | D:9      | Got a polished rapier
  9772 | D:9      | Identified the +5 rapier of Oghuhiud {pierce, rPois rF++ Str+3 Int-5} (You found it on level 9 of the Dungeon)
  9831 | D:9      | Found a staircase to the Orcish Mines.
  9963 | D:9      | Found a basalt altar of Yredelemnul.
 10080 | D:9      | Noticed a shock serpent
 10081 | D:9      | Noticed a ghost crab
 10171 | D:10     | Entered Level 10 of the Dungeon
 11767 | D:10     | Received a gift from Okawaru
 11853 | D:9      | Reached skill level 5 in Invocations
 12549 | D:9      | Slain by an unseen horror

Action                   |  1- 3 |  4- 6 |  7- 9 | 10-12 || total
-------------------------+-------+-------+-------+-------++-------
Melee: Short sword       |    49 |       |       |       ||    49
       Staff             |     1 |       |       |       ||     1
       Trident           |       |       |     2 |       ||     2
       Rapier            |       |       |       |    17 ||    17
       Shortbow          |       |       |       |     3 ||     3
 Fire: Shortbow          |    68 |   207 |   690 |   292 ||  1257
Invok: Heroism           |       |       |     1 |       ||     1
  Use: Potion            |     2 |       |       |     2 ||     4
       Scroll            |       |       |       |     1 ||     1
  Eat: Chunk             |     2 |     6 |     9 |     6 ||    23
       Pizza             |       |       |     1 |       ||     1
       Bread ration      |       |       |       |     1 ||     1
